 Dungeon Crawl Stone Soup version 0.25-a0-290-g4a1327ee3a (webtiles) character file.

Game seed: 7395889032779480033, levelgen mode: deterministic

142 floatRand the Skirmisher (level 5, 0/55 HPs)
             Began as an Ogre Gladiator on Dec 14, 2019.
             Slain by an adder (4 damage)
             ... on level 2 of the Dungeon.
             The game lasted 00:02:41 (2253 turns).

floatRand the Skirmisher (Ogre Gladiator)           Turns: 2253, Time: 00:02:41

Health: 0/55       AC:  4    Str: 17 (18) XL:     5   Next: 25%
Magic:  5/5        EV: 11    Int:  7 (9)  God:
Gold:   130        SH:  0    Dex: 10 (11) Spells: 4/4 levels left

rFire    . . .     SeeInvis .   a - +0 flail
rCold    . . .     Gourm    .   (no shield)
rNeg     . . .     Faith    .   b - +0 robe
rPois    .         Spirit   .   c - +0 hat
rElec    .         Reflect  .   g - +0 cloak
rCorr    .         Harm     .   (gloves unavailable)
MR       .....                  (boots unavailable)
Stlth    +.........             (no amulet)
HPRegen  0.18/turn              (no ring)
MPRegen  0.09/turn              (no ring)

@: no status effects
A: large, unfitting armour, tough skin 1
a: no special abilities


You were on level 2 of the Dungeon.
You were hungry.

You visited 1 branch of the dungeon, and saw 3 of its levels.

You collected 130 gold pieces.

Inventory:

Hand Weapons
 a - a +0 flail (weapon)
Armour
 b - a +0 robe (worn)
 c - a +0 hat (worn)
 g - a +0 cloak (worn)
Scrolls
 e - 4 scrolls of identify {unknown}
 i - 2 scrolls of teleportation {unknown}
Potions
 j - a potion of magic
Comestibles
 f - 4 rations


   Skills:
 + Level 4.5 Fighting
 + Level 3.7 Maces & Flails
 - Level 2.0 Throwing
 + Level 3.7 Dodging


You had 4 spell levels left.
You didn't know any spells.
Your spell library was empty.

Dungeon Overview and Level Annotations

Branches:
Dungeon (3/15)

Altars:

Annotations:
D:3 Grinder


Innate Abilities, Weirdness & Mutations

You are too large for most types of armour.
You have tough skin. (AC +1)


Message History

The adder misses you. The adder barely misses you.
You climb upwards.
There is a stone staircase leading down here.
You miss the adder. The adder closely misses you.
You closely miss the adder. The adder barely misses you. The adder misses you.
You miss the adder. The adder bites you.
* * * LOW HITPOINT WARNING * * *
You closely miss the adder. The adder bites you.
* * * LOW HITPOINT WARNING * * *
The adder bites you.
* * * LOW HITPOINT WARNING * * *
You barely miss the adder. The adder closely misses you. The adder bites you.
* * * LOW HITPOINT WARNING * * *
You sock the adder!
The adder is severely wounded.
The adder barely misses you.
You closely miss the adder.
The adder is severely wounded.
The adder bites you.
You die...

.........#........#
..................##
)..#.#..<..........####
#......#......[.......#
...................##.##
##...##............##..##
##.................###..#
#####..........#S### ##.##
######...(.....#@## #..#
.##...............######.##
..........................#
.................##.#######
....................##
.....................###
.................#.....##
...............#.#.###>.#
.................#.# #..##


You could see an adder.

Vanquished Creatures
  3 gnolls (D:2)
  5 adders
  An ooze (D:2)
  A worm (D:2)
  A dart slug (D:2)
  5 leopard geckos
  7 bats
  9 giant cockroaches
  5 goblins
  6 hobgoblins
  2 kobolds (D:1)
  2 frilled lizards (D:1)
  8 rats
55 creatures vanquished.

Notes
Turn   | Place    | Note
-------+----------+-------------------------------------------
     0 | D:1      | floatRand the Ogre Gladiator began the quest for the Orb.
     0 | D:1      | Reached XP level 1. HP: 22/22 MP: 1/1
   205 | D:1      | Reached skill level 3 in Fighting
   221 | D:1      | Reached XP level 2. HP: 29/31 MP: 2/2
   272 | D:1      | You fall into a shaft and drop 1 floor!
   293 | D:2      | Reached XP level 3. HP: 14/37 MP: 3/3
  1316 | D:2      | Reached XP level 4. HP: 44/48 MP: 4/4
  1317 | D:2      | Reached skill level 4 in Fighting
  1776 | D:2      | Reached XP level 5. HP: 41/55 MP: 5/5
  2034 | D:3      | Noticed Grinder
  2231 | D:3      | Paralysed by Grinder for 6 turns
  2253 | D:2      | Slain by an adder

Levels and vault maps discovered:
D:1:      evilmike_arrival_crescent, layout_basic, minmay_3d_cube
D:2:      layout_rooms
D:3:      layout_rooms, grunt_temple_overflow_holy_war, due_unseen_surprise,
          uniq_grinder

Skill      XL: |  1  2  3  4 |
---------------+-------------+-----
Fighting       | 3 4 |  4.5
Maces & Flails | 3 |  3.7
Dodging        | 3 |  3.7
Throwing       | |  2.0

Action                   |  1- 3 |  4- 6 || total
-------------------------+-------+-------++-------
Melee: Flail             |   123 |    70 ||   193
Throw: Throwing net      |       |     4 ||     4
  Use: Potion            |     2 |     5 ||     7
 Stab: Sleeping          |     1 |     1 ||     2
  Eat: Chunk             |     1 |     3 ||     4
Armor: Robe              |    76 |    27 ||   103
Dodge: Dodged            |   181 |    57 ||   238

Table legend:
 A = Non-vault XP
 B = Vault XP
 C = Vault XP percentage of total XP
 D = Non-vault monster count
 E = Vault monster count
 F = Vault count percentage of total count
                 A         B        C        D         E       F
            +---------+---------+-------+---------+---------+-------
      Total |     197 |       7 |   3.4 |      51 |       4 |   7.3
            +---------+---------+-------+---------+---------+-------
        D:1 |      38 |       7 |  15.6 |      21 |       4 |  16.0
        D:2 |     133 |       0 |   0.0 |      28 |       0 |   0.0
        D:3 |      26 |       0 |   0.0 |       2 |       0 |   0.0
            +---------+---------+-------+---------+---------+-------
